Description

A wacky build that enables early aggression against unsuspecting opponents by utilizing warp travel-related hit-and-run tactics on opponent's army, or better yet, mineral line.

Build Order

Get SALT Encoding   

  14  0:12  Supply Depot  
  15  0:39  Barracks  
  16  0:43  Refinery  
  18  0:55  SCV  
  20  1:27  Orbital Command  Scout
  20  1:42  Command Center  Main
  20  1:48  Barracks Reactor  Natural
  20  1:50  Supply Depot  
  22  2:10  Factory  
  24  2:20  Refinery  
  23  2:57  Barracks Tech Lab  
  25  2:58  Starport  Build for Starport later
  34  3:30  Fusion Core  
  58  4:44  Battlecruiser  
  60  4:47  Weapon Refit  
  65  5:30  Command Center  ASAP
Spawning Tool Build Advisor. Get it on Overwolf

Go to:

Details

  • Created by: Tr987654321
  • Published on: May 04, 2021
  • Modified on: May 04, 2021
  • Patch: 4.11.0
  • Difficulty: Medium
Show
View Real Time Build Order
Export as new Build Order

Comments (1)

On March 15, 2022, 1:22 p.m., Stiggandr  said:

At plat level I've found this to be a great build to practice multitasking. The moment the BC pops, warp it on top of the zerg main mineral line and hold position. The queens rush into the main to fight the bruiser, and you can slip into the 3rd and natural with hellion reaper.

If you scout roach, I've found a trick is to pull your bruiser back fast to help defend the main.

Do not rally units across the map for this aggression, it's too susceptible to run by's. Despite just being harassment, you can get a GG out of a lot of opponents fast, but regardless, it will carry you into the midgame with a sturdy advantage.

Create an account to comment!